Map: Acolyte LE

Players

Metasapien

  • Race: Zerg Zerg
  • League: Platinum
  • Spawn Location: 7:00

A.I. 1 (Elite) - Winner!

  • Race: Protoss Protoss
  • Spawn Location: 1:00

VOD

Have the link to the VOD?

Description

Time

  • Played on: Sept. 24, 2017, 9:33 p.m.
  • Length: 28:31
Show
View Real Time Build Order
Export as new Build Order

Metasapien Zerg 

Build Orders: Hatch First, Swarm Host 

Get SALT Encoding   

  12  0:10  Overlord  
  12  0:39  Hatchery  
  12  0:40  Drone  
  12  0:52  Drone  
  12  0:53  Drone  
  12  0:56  Drone, Extractor  
  14  1:19  Spawning Pool  
  14  1:23  Drone x2  
  15  1:28  Drone  
  16  1:39  Drone  
  17  1:46  Drone  
  18  1:52  Drone  
  19  2:00  Drone  
  20  2:12  Hatchery  
  20  2:14  Zergling x2  
  20  2:15  Zergling x2  
  21  2:17  Drone  
  22  2:24  Overlord  
  22  2:32  Metabolic Boost  
  22  2:39  Queen  
  24  2:52  Drone  
  24  2:54  Drone x2  
  24  2:58  Queen  
  29  3:20  Drone x3  
  32  3:29  Extractor  
  32  3:31  Drone x3  
  34  3:36  Drone x2  
  34  3:37  Drone, Roach Warren  
  36  3:42  Lair  
  36  3:46  Overlord  
  36  3:52  Overlord  
  36  4:02  Queen  
  39  4:10  Drone x2  
  40  4:20  Extractor  
  40  4:23  Drone, Spine Crawler  
  39  4:25  Drone x4  
  39  4:28  Drone x3  
  46  4:36  Drone  
  47  4:41  Drone  
  47  4:43  Drone x2  
  47  4:44  Drone  
  51  4:47  Extractor  
  51  4:51  Drone x2  
  52  4:58  Hydralisk Den  
  51  5:02  Infestation Pit, Glial Reconstitution  
  51  5:05  Roach x4  
  58  5:09  Overlord  
  58  5:10  Overlord  
  58  5:12  Spore Crawler  
  57  5:16  Drone, Extractor  
  57  5:21  Extractor  
  56  5:22  Drone  
  56  5:25  Overlord  
  57  5:40  Drone x2, Evolution Chamber  
  57  5:41  Drone x2  
  60  5:43  Drone x2  
  60  5:44  Drone, Evolution Chamber  
  60  5:45  Drone  
  60  5:47  Drone x2  
  65  5:54  Drone  
  65  5:56  Drone  
  67  5:59  Overlord  
  67  6:03  Muscular Augments  
  67  6:07  Zerg Ground Armor Level 1  
  67  6:10  Zerg Missile Weapons Level 1  
  67  6:13  Burrow, Pneumatized Carapace  
  67  6:14  Queen  
  67  6:18  Drone x4  
  72  6:22  Ravager  
  72  6:23  Ravager  
  75  6:28  Drone x2  
  75  6:29  Drone x2  
  79  6:40  Hydralisk  
  79  6:42  Roach x2  
  79  6:46  Zergling x6  
  88  7:01  Hatchery  
  88  7:07  Spine Crawler  
  84  7:13  Hydralisk x2  
  84  7:14  Roach x2, Hydralisk x2  
  89  7:38  Drone  
  89  7:43  Overseer  
  90  7:52  Overlord x4  
  90  7:53  Overlord  
  90  8:01  Hive  
  90  8:02  Zerg Ground Armor Level 2  
  90  8:04  Zerg Missile Weapons Level 2  
  90  8:11  Overlord  
  90  8:12  Overlord x2  
  90  8:13  Hydralisk  
  90  8:14  Roach x3, Hydralisk x5  
  90  8:15  Roach, Hydralisk x4  
  118  8:20  Drone  
  118  8:21  Queen  
  121  8:33  Drone x2  
  123  8:36  Drone x4  
  123  8:37  Hydralisk  
  117  9:02  Spire  
  116  9:06  Hydralisk x3  
  120  9:10  Hydralisk x5  
  120  9:11  Hydralisk x5  
  120  9:12  Hydralisk  
  141  9:21  Overseer  
  141  9:32  Queen  
  141  9:35  Extractor x2  
  141  9:49  Drone x2  
  143  9:54  Adrenal Glands  
  143  9:55  Nydus Network  
  142  10:07  Overlord x4  
  142  10:08  Overlord  
  142  10:09  Overlord x2  
  142  10:12  Overlord  
  142  10:13  Overlord x2  
  142  10:18  Swarm Host x2  
  142  10:19  Swarm Host  
  160  10:32  Nydus Canal  
  160  10:36  Swarm Host  
  160  10:42  Queen  
  161  10:43  Queen x3  
  148  11:04  Hydralisk x4  
  148  11:05  Hydralisk x2, Roach x4  
  148  11:06  Hydralisk x4  
  148  11:10  Zergling x10  
  148  11:11  Zergling x2  
  177  11:13  Swarm Host  
  180  11:56  Overseer  
  180  12:01  Swarm Host x2  
  199  12:08  Drone x2  
  200  12:27  Nydus Canal  
  197  12:39  Drone  
  197  12:40  Drone  
  166  13:11  Swarm Host x3  
  166  13:12  Swarm Host x4  
  153  13:13  Swarm Host  
  153  13:14  Roach x2, Hydralisk  
  153  13:15  Roach x2  
  168  13:29  Hydralisk x3  
  168  13:30  Roach x3  
  186  13:49  Drone x3  
  186  13:50  Drone x2  
  186  13:51  Drone  
  192  14:35  Hatchery  
  192  14:37  Hatchery  
  190  14:40  Zerg Melee Weapons Level 1  
  190  14:41  Zerg Ground Armor Level 3  
  188  14:49  Hatchery  
  163  14:56  Hydralisk x3  
  163  14:57  Hydralisk x4, Roach x5  
  163  14:58  Roach x3  
  155  15:16  Hydralisk  
  155  15:17  Hydralisk  
  155  15:18  Zergling x2, Hydralisk  
  155  15:19  Hydralisk x8  
  184  15:26  Zergling x2  
  184  15:27  Zergling x6  
  174  15:40  Hydralisk x4  
  162  15:52  Hydralisk x2  
  162  15:53  Hydralisk x2  
  156  16:06  Nydus Canal  
  156  16:09  Hydralisk x3  
  162  16:17  Hydralisk  
  162  16:18  Hydralisk x2  
  166  16:19  Zergling x2  
  166  16:20  Zergling x10  
  154  16:36  Hydralisk  
  154  16:37  Hydralisk x3  
  119  16:56  Overlord x2  
  119  16:57  Overlord  
  117  17:05  Hydralisk  
  117  17:06  Hydralisk x5  
  129  17:09  Zergling x18  
  135  17:18  Roach x2  
  135  17:19  Roach  
  141  17:39  Queen x4  
  141  17:41  Hydralisk  
  141  17:42  Hydralisk x5  
  161  18:04  Zergling x20  
  171  18:10  Ultralisk Cavern  
  170  18:29  Overlord x3  
  179  18:46  Hatchery  
  178  18:58  Spine Crawler, Extractor x2  
  178  19:01  Spine Crawler x2, Hatchery  
  178  19:02  Spore Crawler x2  
  170  19:13  Zerg Melee Weapons Level 2  
  170  19:21  Hydralisk  
  172  19:25  Zergling x6  
  172  19:26  Zergling x2  
  172  19:27  Mutalisk  
  172  19:29  Zergling x20  
  172  19:30  Zergling x6  
  185  19:52  Hydralisk  
  170  19:53  Roach  
  170  19:54  Roach  
  172  20:05  Roach  
  157  20:33  Roach  
  157  20:34  Roach  
  161  20:36  Zergling x14  
  168  20:48  Hydralisk  
  143  21:45  Zergling x22  
  143  21:46  Zergling x2  
  155  22:01  Hatchery  
  154  22:23  Extractor  
  154  22:24  Drone x3, Extractor  
  154  22:27  Hydralisk  
  154  22:28  Hydralisk  
  159  22:31  Zergling x12  
  159  22:32  Zergling x12  
  171  22:50  Drone x3  
  174  22:52  Drone, Extractor  
  174  22:53  Drone x2  
  174  22:56  Drone  
  174  22:57  Drone  
  174  22:58  Drone  
  177  23:03  Zergling x2  
  177  23:04  Zergling x8  
  179  23:06  Extractor  
  145  23:29  Hydralisk x7  
  135  23:41  Queen  
  137  23:42  Drone  
  137  23:46  Queen  
  137  23:47  Queen x2  
  144  23:49  Hydralisk x5  
  154  23:56  Nydus Canal  
  154  24:01  Overseer  
  154  24:02  Overseer  
  154  24:06  Overlord  
  154  24:07  Drone x2  
  156  24:11  Drone x2  
  158  24:26  Hydralisk  
  158  24:27  Hydralisk x7  
  108  25:14  Zergling x2  
  108  25:15  Zergling x34  
  108  25:16  Zergling x8  
  128  25:22  Hydralisk  
  95  26:00  Hydralisk x5  
  95  26:01  Roach x3, Hydralisk x4  
  95  26:02  Roach x3  
  125  26:08  Drone x2, Queen  
  125  26:09  Queen x2  
  125  26:10  Queen  
  135  26:14  Hatchery  
  118  26:41  Zergling x2  
  118  26:42  Zergling x26  
  127  27:05  Corruptor  
  127  27:06  Corruptor x2  
  130  27:16  Ultralisk Cavern  
  130  27:21  Zergling x8  
  130  27:22  Zergling x4  
  107  27:43  Corruptor  
  107  27:44  Corruptor x2  
  101  27:46  Zergling x4  
  101  27:47  Zergling x2  
  101  27:48  Zergling x2  
Show
View Real Time Build Order
Export as new Build Order

A.I. 1 (Elite) Protoss - Winner!

Build Orders: 1 Gate Expand, Zealot Archon 

Get SALT Encoding   

  12  0:01  Probe (Chrono Boost)  
  13  0:11  Probe (Chrono Boost)  
  14  0:20  Pylon  
  14  0:22  Probe (Chrono Boost)  
  15  0:38  Probe (Chrono Boost)  
  16  0:49  Probe (Chrono Boost)  
  17  0:51  Gateway  
  17  0:59  Probe (Chrono Boost)  
  18  1:10  Probe (Chrono Boost)  
  19  1:17  Nexus  
  19  1:21  Probe (Chrono Boost)  
  20  1:31  Probe (Chrono Boost)  
  21  1:37  Pylon, Zealot  
  23  1:46  Cybernetics Core  
  23  1:50  Assimilator  
  23  1:56  Probe (Chrono Boost)  
  24  2:06  Probe (Chrono Boost)  
  25  2:17  Probe (Chrono Boost)  
  25  2:22  Pylon  
  26  2:25  Warp Gate  
  26  2:28  Probe (Chrono Boost)  
  28  2:30  Probe (Chrono Boost)  
  28  2:35  Gateway  
  28  2:39  Probe (Chrono Boost)  
  28  2:42  Assimilator  
  30  2:44  Probe (Chrono Boost)  
  30  2:50  Stalker  
  30  2:53  Probe (Chrono Boost)  
  30  2:57  Pylon  
  34  2:59  Probe (Chrono Boost)  
  35  3:06  Probe (Chrono Boost)  
  35  3:10  Probe (Chrono Boost)  
  36  3:18  Probe (Chrono Boost)  
  36  3:19  Adept  
  37  3:20  Adept  
  37  3:22  Probe (Chrono Boost)  
  42  3:29  Probe (Chrono Boost)  
  42  3:34  Probe (Chrono Boost)  
  44  3:39  Stargate  
  44  3:44  Probe (Chrono Boost)  
  44  3:45  Probe (Chrono Boost), Adept  
  44  3:46  Adept  
  52  3:55  Probe (Chrono Boost)  
  52  3:57  Probe (Chrono Boost)  
  52  4:07  Gateway  
  52  4:11  Zealot  
  52  4:15  Pylon  
  52  4:16  Probe (Chrono Boost), Zealot  
  56  4:17  Probe (Chrono Boost)  
  56  4:18  Stargate  
  58  4:28  Pylon  
  58  4:39  Void Ray  
  62  4:47  Probe x2 (Chrono Boost)  
  62  4:48  Pylon  
  64  4:56  Gateway  
  64  4:58  Probe x2 (Chrono Boost)  
  66  5:05  Void Ray  
  66  5:10  Pylon  
  71  5:14  Probe (Chrono Boost)  
  71  5:16  Probe (Chrono Boost)  
  72  5:23  Pylon  
  72  5:24  Stalker  
  72  5:25  Assimilator  
  74  5:42  Twilight Council  
  74  5:43  Nexus  
  74  5:46  Forge  
  74  5:47  Probe (Chrono Boost)  
  74  5:48  Assimilator  
  74  6:05  Forge  
  74  6:10  Probe (Chrono Boost)  
  74  6:11  Probe (Chrono Boost)  
  76  6:21  Probe (Chrono Boost), Pylon  
  76  6:25  Templar Archives  
  77  6:29  Stalker, Zealot  
  77  6:31  Photon Cannon  
  81  6:34  Stalker  
  83  6:40  Photon Cannon  
  83  6:43  Sentry  
  83  6:44  Photon Cannon  
  83  6:46  Pylon  
  85  6:49  Stalker  
  87  6:56  Probe x3 (Chrono Boost)  
  90  7:04  High Templar, Stalker, Sentry  
  90  7:07  Probe (Chrono Boost)  
  99  7:09  Probe x2 (Chrono Boost)  
  99  7:18  Probe (Chrono Boost), Pylon, High Templar  
  99  7:19  Assimilator  
  99  7:20  Probe x2 (Chrono Boost), Photon Cannon  
  99  7:22  Assimilator  
  104  7:29  Probe (Chrono Boost)  
  105  7:31  Probe (Chrono Boost)  
  105  7:32  Probe (Chrono Boost), Nexus, Robotics Facility  
  107  7:40  Probe (Chrono Boost), Archon, Stalker  
  107  7:42  Probe (Chrono Boost)  
  107  7:43  Probe (Chrono Boost)  
  112  7:47  High Templar  
  115  7:51  Probe (Chrono Boost)  
  115  7:52  Photon Cannon  
  115  7:54  Probe (Chrono Boost)  
  115  7:55  Probe (Chrono Boost), High Templar  
  119  8:01  Pylon  
  119  8:02  Probe (Chrono Boost)  
  119  8:04  Stalker  
  122  8:06  Gateway  
  122  8:10  Protoss Ground Weapons Level 1  
  122  8:11  Archon  
  122  8:12  High Templar  
  124  8:18  Observer  
  124  8:19  Zealot  
  126  8:21  Photon Cannon  
  126  8:23  Photon Cannon  
  126  8:26  Protoss Ground Armor Level 1  
  127  8:29  High Templar  
  127  8:33  Zealot  
  131  8:35  Pylon  
  131  8:36  Warp Prism  
  131  8:39  Psionic Storm  
  133  8:44  Zealot  
  135  8:54  Photon Cannon  
  135  8:55  Assimilator  
  135  8:57  Pylon  
  135  8:58  Assimilator  
  135  9:00  Archon, High Templar  
  137  9:09  Warp Prism  
  133  9:10  Gateway  
  133  9:11  High Templar  
  137  9:18  Nexus, Photon Cannon  
  137  9:20  Pylon, High Templar  
  139  9:28  High Templar  
  139  9:29  Archon  
  141  9:35  Photon Cannon, High Templar  
  141  9:38  Photon Cannon  
  143  9:42  Photon Cannon, High Templar  
  143  9:45  Photon Cannon, Stalker  
  147  9:51  Void Ray, Zealot  
  149  9:58  Photon Cannon  
  149  9:59  High Templar  
  151  10:03  Archon  
  151  10:04  Zealot  
  151  10:05  Stalker  
  151  10:06  High Templar  
  157  10:10  Sentry  
  157  10:13  High Templar  
  161  10:15  Observer  
  162  10:22  Gateway, Protoss Ground Weapons Level 2  
  162  10:24  Zealot  
  162  10:26  High Templar  
  166  10:29  Zealot  
  166  10:30  Charge  
  166  10:34  Pylon, Observer  
  168  10:37  Photon Cannon  
  168  10:40  Assimilator  
  168  10:42  Zealot  
  171  10:43  Zealot x3  
  171  10:44  Pylon  
  171  10:46  Assimilator  
  171  10:48  Zealot  
  163  10:52  Nexus  
  163  10:56  Zealot  
  155  11:01  Adept, High Templar, Stalker  
  155  11:02  Zealot  
  141  11:07  Zealot  
  124  11:13  Photon Cannon  
  124  11:14  Zealot  
  124  11:16  Archon, Adept  
  124  11:17  Archon  
  128  11:19  Stalker  
  128  11:20  Observer, High Templar  
  128  11:24  Pylon  
  133  11:27  Sentry  
  133  11:30  Sentry  
  133  11:32  Stalker, Zealot  
  141  11:33  Robotics Facility  
  141  11:34  Adept  
  143  11:41  Archon, Stalker  
  145  11:48  Photon Cannon  
  145  11:49  Adept  
  145  11:50  Zealot  
  145  11:51  Zealot  
  145  11:52  High Templar  
  145  11:53  Stalker, Zealot  
  157  11:57  Blink  
  157  12:02  Zealot  
  157  12:04  Photon Cannon  
  157  12:07  High Templar  
  161  12:09  High Templar  
  161  12:14  Pylon  
  163  12:16  Sentry  
  163  12:19  Zealot x2  
  163  12:20  High Templar  
  163  12:21  Forge  
  163  12:22  Stalker  
  173  12:24  Archon  
  173  12:26  Robotics Facility  
  173  12:32  Robotics Bay  
  173  12:36  High Templar  
  175  12:37  High Templar, Stalker  
  179  12:48  Void Ray  
  179  12:57  Archon  
  179  12:58  Zealot  
  133  13:14  Colossus  
  133  13:15  Observer Gravitic Boosters  
  133  13:17  Adept  
  133  13:18  Archon  
  139  13:21  Adept  
  139  13:22  Sentry  
  139  13:24  Zealot  
  139  13:25  Archon, Zealot  
  147  13:28  Zealot x2  
  151  13:37  Zealot  
  151  13:38  Nexus  
  151  13:40  Zealot  
  155  13:43  Zealot  
  155  13:45  Zealot  
  155  13:47  Zealot  
  161  13:50  Zealot  
  161  13:53  Zealot  
  165  13:55  Zealot  
  165  13:59  Zealot  
  165  14:02  Zealot  
  171  14:04  Zealot  
  171  14:06  Void Ray  
  171  14:07  Zealot  
  179  14:22  Nexus  
  179  14:23  Probe (Chrono Boost)  
  177  14:25  Probe x2 (Chrono Boost)  
  177  14:26  Void Ray  
  183  14:44  Void Ray  
  183  14:47  Zealot  
  187  15:03  Colossus  
  187  15:05  Stalker  
  187  15:06  Void Ray  
  179  15:10  Adept  
  179  15:12  Zealot  
  177  15:14  Adept  
  177  15:16  Sentry  
  177  15:17  Sentry  
  177  15:19  Zealot  
  175  15:22  Void Ray  
  175  15:25  Stalker  
  179  15:28  Zealot  
  181  15:36  Sentry  
  181  15:38  Adept  
  181  15:41  Adept  
  185  15:44  Void Ray  
  185  15:45  Stalker  
  185  15:48  Stalker  
  181  15:51  Stalker  
  181  15:53  Stalker  
  181  15:56  Zealot  
  183  15:58  Zealot  
  183  16:00  Zealot  
  183  16:01  Void Ray  
  187  16:06  Zealot  
  187  16:09  Protoss Ground Armor Level 2, Zealot  
  187  16:10  Extended Thermal Lance  
  195  16:23  Void Ray  
  193  16:26  Zealot  
  193  16:31  Zealot  
  193  16:32  Zealot  
  195  16:34  Zealot  
  195  16:35  Zealot  
  195  16:37  Zealot  
  195  16:39  Zealot  
  193  16:41  Void Ray  
  193  16:44  Zealot  
  197  16:50  Zealot x2  
  197  16:53  Sentry  
  185  16:54  Zealot  
  185  16:55  Zealot  
  185  16:57  Zealot  
  185  16:59  Protoss Air Weapons Level 1  
  187  17:01  Void Ray  
  187  17:03  Zealot  
  193  17:12  Colossus  
  193  17:16  Pylon  
  193  17:21  Photon Cannon  
  199  17:24  Pylon  
  199  17:25  Protoss Ground Weapons Level 3  
  199  17:48  Protoss Shields Level 1  
  199  18:04  Void Ray  
  199  18:11  Probe x3 (Chrono Boost), Protoss Ground Armor Level 3  
  199  18:13  Probe x2 (Chrono Boost)  
  199  18:17  Adept, Sentry  
  200  18:29  Nexus  
  200  18:36  Pylon  
  200  18:41  Photon Cannon  
  200  18:43  Photon Cannon  
  200  18:50  Photon Cannon  
  200  19:00  Protoss Air Armor Level 1  
  200  19:04  Photon Cannon  
  200  19:19  Pylon  
  200  19:32  Protoss Shields Level 2  
  200  19:41  Photon Cannon  
  200  19:45  Probe x2 (Chrono Boost), Immortal  
  194  19:46  Probe x2 (Chrono Boost), Stalker  
  194  19:47  Probe x2 (Chrono Boost), Immortal  
  194  19:48  Stalker  
  194  19:50  Zealot x4  
  194  19:51  Photon Cannon, Zealot  
  200  19:56  Probe (Chrono Boost)  
  171  20:00  Void Ray  
  171  20:01  Nexus, Fleet Beacon  
  171  20:04  Photon Cannon  
  171  20:07  Photon Cannon, Zealot  
  155  20:08  Zealot  
  155  20:09  Adept x2, Zealot  
  155  20:10  Zealot, Sentry  
  141  20:22  Void Ray  
  141  20:25  Zealot  
  141  20:28  Stalker, Zealot  
  151  20:29  Stalker, Zealot x2  
  151  20:31  Stalker  
  159  20:40  Void Ray, Protoss Air Weapons Level 2  
  159  20:44  Zealot  
  159  20:46  Zealot  
  159  20:48  Stalker, Zealot  
  159  20:49  Zealot  
  169  20:50  Zealot  
  169  20:53  Zealot  
  169  21:02  Void Ray, Zealot  
  163  21:04  Zealot  
  163  21:06  Zealot  
  163  21:08  Zealot  
  163  21:09  Stalker, Zealot  
  175  21:12  Zealot  
  171  21:18  Void Ray  
  171  21:21  Sentry  
  171  21:23  Zealot  
  171  21:24  Adept  
  173  21:27  Adept  
  173  21:28  Zealot  
  173  21:30  Colossus, Stalker  
  173  21:31  Zealot  
  169  21:35  Colossus  
  175  21:40  Void Ray  
  175  21:42  Adept, Zealot  
  175  21:43  Sentry  
  175  21:45  Protoss Shields Level 3  
  175  21:46  Pylon  
  191  21:56  Void Ray  
  191  22:00  Nexus  
  195  22:17  Void Ray, Assimilator x2  
  195  22:19  Assimilator  
  195  22:20  Assimilator  
  195  22:24  Assimilator  
  195  22:26  Assimilator  
  199  22:53  Probe (Chrono Boost)  
  199  23:00  Gravitic Drive  
  199  23:02  Probe (Chrono Boost)  
  199  23:04  Void Ray  
  199  23:05  Probe x3 (Chrono Boost)  
  198  23:08  Probe x2 (Chrono Boost)  
  198  23:11  Photon Cannon  
  199  23:13  Probe (Chrono Boost)  
  199  23:15  Probe (Chrono Boost)  
  199  23:16  Probe (Chrono Boost)  
  199  23:17  Probe x2 (Chrono Boost)  
  199  23:18  Probe (Chrono Boost)  
  199  23:19  Probe (Chrono Boost)  
  198  23:21  Pylon  
  198  23:22  Protoss Air Armor Level 2  
  198  23:24  Probe (Chrono Boost), Zealot  
  198  23:26  Probe (Chrono Boost)  
  198  23:27  Probe (Chrono Boost), Assimilator  
  198  23:28  Probe (Chrono Boost)  
  198  23:30  Nexus  
  198  23:31  Pylon  
  198  23:33  Photon Cannon  
  200  23:36  Pylon  
  200  23:38  Assimilator  
  200  23:42  Photon Cannon  
  200  23:44  Photon Cannon  
  200  23:47  Photon Cannon  
  200  23:49  Pylon  
  200  23:52  Photon Cannon  
  200  23:54  Photon Cannon  
  200  23:56  Pylon  
  200  23:58  Pylon  
  200  23:59  Photon Cannon  
  200  24:03  Photon Cannon  
  200  24:16  Photon Cannon  
  200  24:18  Photon Cannon  
  200  24:20  Photon Cannon  
  200  24:29  Photon Cannon  
  200  24:44  Probe x2 (Chrono Boost)  
  200  24:48  Probe (Chrono Boost), Zealot  
  200  24:52  Zealot  
  199  24:55  Zealot  
  199  25:04  Void Ray  
  199  25:06  Void Ray, Colossus, Zealot  
  199  25:09  Colossus, Stalker  
  199  25:11  Stalker  
  199  25:12  Adept  
  199  25:13  Disruptor  
  197  25:16  Stalker  
  197  25:18  Protoss Air Weapons Level 3  
  197  25:20  Nexus  
  200  25:39  Zealot  
  196  25:45  Disruptor  
  199  25:54  Adept  
  199  25:55  Disruptor, Stalker x2  
  199  25:56  Stalker x2  
  193  25:58  Immortal, Adept, Sentry  
  194  26:12  Sentry  
  194  26:17  Stalker  
  198  26:30  Colossus  
  198  26:35  Immortal  
  198  26:36  Immortal  
  198  26:37  Adept  
  198  26:38  Adept  
  198  26:43  Zealot  
  198  26:44  Stalker  
  198  26:45  Zealot  
  194  26:47  Zealot  
  194  26:48  Pylon  
  194  26:49  Nexus  
  194  26:52  Stalker  
  194  26:55  High Templar  
  194  26:56  Stalker  
  194  27:00  High Templar  
  198  27:11  Photon Cannon  
  198  27:15  Pylon  
  198  27:29  Immortal  
  198  27:34  Probe x3 (Chrono Boost)  
  198  27:36  Probe x3 (Chrono Boost)  
  200  27:37  Probe x2 (Chrono Boost)  
  200  27:38  Probe (Chrono Boost), Stalker  
  199  27:44  Probe (Chrono Boost)  
  200  27:54  Photon Cannon  
  200  28:15  Probe (Chrono Boost)  
  200  28:17  Probe x2 (Chrono Boost), Stalker  
  200  28:18  Probe x4 (Chrono Boost), Pylon  
  200  28:25  Pylon  
Tags
 
Add a new tag
Caveats
  • Supply blocks, unpowered buildings, or Contaminate may cause inaccurate times.
  • Supply counts are checked every 10 seconds.